 Dungeon Crawl Stone Soup version 0.22-a0-282-gdd34a7d (webtiles) character file.

4811 Amnesiac the Nimble (level 10, -3/100 HPs)
             Began as a Deep Elf Wizard on Mar 17, 2018.
             Was an Initiate of Sif Muna.
             Slain by a wolf (9 damage)
             ... led by Grum
             ... on level 9 of the Dungeon.
             The game lasted 00:25:06 (9562 turns).

Amnesiac the Nimble (Deep Elf Wizard)               Turns: 9562, Time: 00:25:06

Health: -3/100     AC:  4    Str:  6 (9)  XL:     10   Next: 24%
Magic:  1/19       EV: 22    Int: 25 (27) God:    Sif Muna [......]
Gold:   446        SH:  0    Dex: 11 (13) Spells: 3/19 levels left

rFire    . . .     SeeInvis .   w - +1 quarterstaff
rCold    . . .     Gourm    .   (shield currently unavailable)
rNeg     . . .     Faith    .   F - +0 robe
rPois    +         Spirit   .   b - +1 hat
rElec    .         Reflect  .   (no cloak)
rCorr    .         Harm     .   (no gloves)
MR       +....                  s - +0 pair of boots
Stlth    ..........             (no amulet)
HPRegen  0.26/turn              o - +5 ring of evasion
MPRegen  0.16/turn              v - ring of poison resistance

@: berserking (expiring), very slightly contaminated, very quick
A: no striking features
a: Renounce Religion


You were on level 9 of the Dungeon.
You worshipped Sif Muna.
Sif Muna was noncommittal.
You were very hungry.

You visited 2 branches of the dungeon, and saw 11 of its levels.

You collected 446 gold pieces.

Inventory:

Hand Weapons
 w - a +1 quarterstaff (weapon)
Armour
 b - a +1 hat (worn)
 s - a +0 pair of boots (worn)
 F - a +0 robe (worn)
Jewellery
 o - a +5 ring of evasion (left hand)
 v - a ring of poison resistance (right hand)
Wands
 y - a wand of digging (6)
 A - a wand of polymorph (11)
 C - a wand of random effects (23)
Scrolls
 c - 4 scrolls of teleportation {!r}
 g - a scroll of fear {!r}
 n - 2 scrolls of noise {!r}
 u - 2 scrolls of enchant weapon {!r}
 x - 2 scrolls of remove curse {!r}
 z - 2 scrolls of amnesia {!r}
 D - 3 scrolls of identify {!r}
Potions
 i - a potion of invisibility {!q}
 j - 2 potions of brilliance {!q}
 k - a potion of might {!q}
 l - a potion of flight {!q}
 p - a potion of mutation {!q}
 q - a potion of berserk rage {!q}
Comestibles
 d - 15 rations


   Skills:
 - Level 9.6 Fighting
 - Level 10.1 Dodging
 - Level 2.4 Stealth
 + Level 5.1 Spellcasting
 * Level 5.3 Conjurations
 - Level 1.1 Summonings
 - Level 1.1 Translocations


You had 3 spell levels left.
You knew the following spells:

 Your Spells              Type           Power        Failure   Level  Hunger
a - Shock                 Conj/Air       ###.         2%          1    None
b - Call Imp              Summ           ##......     8%          2    None
c - Summon Butterflies    Summ           ##......     5%          1    None
d - Iskenderun's Mystic   Conj           ####....     9%          4    ####...
e - Mephitic Cloud        Conj/Pois/Air  ###.....     12%         3    ##.....
s - Conjure Flame         Conj/Fire      ###.....     9%          3    ##.....
v - Blink                 Tloc           N/A          8%          2    None


Dungeon Overview and Level Annotations

Branches:
Dungeon (10/15)            Temple (1/1) D:4            Lair (0/6) D:9
    Orc: D:9-12

Altars:
Ashenzari
Cheibriados
Dithmenos
Elyvilon
Fedhas
Gozag
Hepliaklqana
Kikubaaqudgha
Makhleb
Nemelex Xobeh
Okawaru
Qazlal
Ru
Sif Muna
Trog
Uskayaw
Vehumet
Wu Jian
Xom
Yredelemnul
Zin
The Shining One

Annotations:
D:9 Grum


Message History

The wolf is almost dead.
You feel a little less agile now.
Your resistance to elements expires.
Casting: Mephitic Cloud (safe; 12% risk of failure)
Confirm with . or Enter, or press ? or * to list all spells.
Aiming: Shock (safe; 2% risk of failure)
Press: ? - help, Shift-Dir - straight line, f/p - wolf
Aim: a wolf (almost dead, confused)
You miscast Shock.
You are very lightly contaminated with residual magic.
Nothing appears to happen.
The wolf bites the wolf but does no damage.
Unknown command.
Okay, then.
Drop what? 24/52 slots (_ for help) (? for menu, Esc to quit)
You drop a potion of degeneration {!q}.
Okay, then.
Unknown command.
Casting: Shock (safe; 2% risk of failure)
Confirm with . or Enter, or press ? or * to list all spells.
Aiming: Shock (safe; 2% risk of failure)
Press: ? - help, Shift-Dir - straight line, p - wolf The zap hits the wolf.
You kill the wolf!
Sif Muna accepts your kill.
You cannot move.
Your transformation is almost over.
You feel less wooden.
Your magical contamination has completely faded away.
The wolf seems less confused.
The wolf barely misses you. x2
Casting: Shock (safe; 2% risk of failure)
Confirm with . or Enter, or press ? or * to list all spells.
Aiming: Mephitic Cloud (safe; 12% risk of failure)
Press: ? - help, Shift-Dir - straight line, f - wolf
Aim: a wolf (moderately wounded)
You miscast Mephitic Cloud.
You are very lightly contaminated with residual magic.
You feel slightly ill. The wolf misses you. The wolf barely misses you.
Okay, then.
Really quaff
q - 2 potions of berserk rage {!q}?
A red film seems to cover your vision as you go berserk!
You feel yourself moving faster!
You feel mighty! The wolf misses you.
You closely miss the wolf.
The wolf is moderately wounded.
The wolf bites you.
* * * LOW HITPOINT WARNING * * *
The wolf completely misses you.
You closely miss the wolf.
The wolf is moderately wounded.
The wolf bites you but does no damage.
You closely miss the wolf.
The wolf is moderately wounded.
The wolf misses you.
You barely miss the wolf.
The wolf is moderately wounded.
The wolf bites you!
* * * LOW HITPOINT WARNING * * *
The wolf completely misses you.
You miss the wolf.
The wolf is moderately wounded.
The wolf closely misses you.
You hit the wolf but do no damage.
The wolf is moderately wounded.
The wolf bites you!
You die...

#....# #.......#.
#....# #.......#.
#....# #..)......
#....+ #.......#.
#.<..# #...ยง...#.
#....# #....h..#.
#....# #.......#(
#...h########.....##
#..@.#............#
#...!#............#
#.................#
#....#............#
#....#.........$..#
######............#
##############


You could see a wolf.

Vanquished Creatures
  A hornet (D:8)
  A hippogriff (D:7)
  Eustachio (D:4)
  A wyvern (D:8)
  A hungry ghost (D:6)
  Edmund (D:5)
  A warg (D:9)
  An orc warrior (D:7)
  3 sky beasts
  2 black bears
  4 ogres
  A phantom (D:7)
  2 wolves (D:9)
  2 centaurs
  2 bullfrogs
  5 scorpions
  4 killer bees (D:8)
  8 wights
  3 howler monkeys (D:9)
  3 crimson imps
  A centaur zombie (D:6)
  2 jellies
  2 hounds
  2 bullfrog skeletons (D:6)
  2 centaur skeletons
  3 orc priests
  10 orc wizards
  An iguana (D:7)
  3 worker ants
  A killer bee zombie (D:5)
  A hound zombie (D:7)
  A hound skeleton (D:4)
  A worker ant zombie (D:5)
  3 gnolls (D:5)
  10 adders
  2 shadow imps
  3 adder skeletons
  4 worms
  2 dart slugs
  3 leopard geckos
  17 orcs
  3 giant cockroaches
  7 goblins
  8 hobgoblins
  2 jackals (D:4)
  4 quokkas
  6 ball pythons (D:2)
  10 bats
  7 frilled lizards
  A jackal skeleton (D:4)
  10 kobolds
  2 leopard gecko skeletons
  A quokka skeleton (D:4)
  6 rats
188 creatures vanquished.

Vanquished Creatures (collateral kills)
  2 ogres
  2 worker ants
4 creatures vanquished.

Grand Total: 192 creatures vanquished

Notes
Turn   | Place    | Note
-------+----------+-------------------------------------------
     0 | D:1      | Amnesiac the Deep Elf Wizard began the quest for the Orb.
     0 | D:1      | Reached XP level 1. HP: 10/10 MP: 7/7
   303 | D:1      | Reached skill level 1 in Fighting
   303 | D:1      | Reached XP level 2. HP: 16/16 MP: 0/9
  1276 | D:2      | Reached XP level 3. HP: 21/21 MP: 4/11
  1527 | D:2      | Learned a level 2 spell: Blink
  1530 | D:2      | Learned a level 2 spell: Call Imp
  1534 | D:2      | Learned a level 3 spell: Conjure Flame
  1538 | D:2      | Learned a level 3 spell: Mephitic Cloud
  2027 | D:2      | Reached XP level 4. HP: 22/27 MP: 5/12
  2099 | D:2      | Noticed an ogre
  2234 | D:2      | Killed an ogre
  2234 | D:2      | Reached skill level 3 in Dodging
  2234 | D:2      | Reached XP level 5. HP: 32/32 MP: 0/13
  2514 | D:3      | Found a faded altar of an unknown god.
  3346 | D:4      | Found a staircase to the Ecumenical Temple.
  3355 | Temple   | Entered the Ecumenical Temple
  3433 | Temple   | Became a worshipper of Vehumet
  3475 | D:4      | Reached XP level 6. HP: 35/37 MP: 1/14
  4039 | D:4      | Reached skill level 4 in Dodging
  4092 | D:4      | Found a deep blue altar of Sif Muna.
  4405 | D:4      | Noticed Eustachio
  4417 | D:4      | Killed Eustachio
  4417 | D:4      | Reached XP level 7. HP: 44/44 MP: 3/15
  4535 | D:5      | Entered Level 5 of the Dungeon
  4614 | D:5      | Reached skill level 5 in Fighting
  4673 | D:6      | Found an opulent altar of Gozag.
  4703 | D:5      | Reached skill level 5 in Dodging
  4721 | D:5      | Reached XP level 8. HP: 26/51 MP: 2/16
  4973 | D:5      | Noticed Edmund
  5166 | D:5      | Reached * piety under Vehumet
  5166 | D:5      | Offered knowledge of Shock by Vehumet.
  5169 | D:5      | Learned a level 1 spell: Shock
  5247 | D:5      | Killed Edmund
  5247 | D:5      | Reached skill level 6 in Dodging
  5779 | D:6      | Reached skill level 7 in Dodging
  6293 | D:6      | Reached XP level 9. HP: 54/57 MP: 5/17
  6454 | D:7      | You fall through a shaft for 2 floors!
  6678 | D:9      | Reached skill level 8 in Dodging
  6746 | D:9      | Learned a level 1 spell: Summon Butterflies
  6775 | D:8      | Offered knowledge of Freeze by Vehumet.
  6907 | D:7      | Reached ** piety under Vehumet
  7453 | D:6      | Reached skill level 9 in Dodging
  8222 | D:8      | Reached skill level 10 in Dodging
  8569 | D:8      | Learned a level 4 spell: Iskenderun's Mystic Blast
  8641 | D:8      | Reached XP level 10. HP: 64/66 MP: 1/18
  9096 | D:8      | Offered knowledge of Ignite Poison by Vehumet.
  9331 | D:4      | Fell from the grace of Vehumet
  9331 | D:4      | Became a worshipper of Sif Muna the Loreminder
  9418 | D:10     | Entered Level 10 of the Dungeon
  9432 | D:10     | Reached skill level 5 in Conjurations
  9438 | D:9      | Found a staircase to the Lair.
  9443 | D:9      | Noticed Grum
  9446 | D:9      | Reached skill level 5 in Spellcasting
  9487 | D:9      | HP: 3/67 [wolf[Grum] (9)]
  9562 | D:9      | Slain by a wolf

Vault maps used:
D:1:      dpeg_arrival_three_same_balls, hangedman_decor_points,
          minmay_tromino_i2
D:2:      minmay_shallow_snake_nest
D:3:      chequers_ecumenical_altar_simple
D:4:      lemuel_doored_altar, minmay_temple_entry_mist, uniq_eustachio
D:5:      first_ration, uniq_edmund
D:6:      basic_altar
D:9:      erik_lair_orcish_takeover, uniq_grum
D:10:     lemuel_flame_loot_2, hangedman_fish_farm, uniq_maurice
Temple:   compressed_dpeg_triangle_lava_temple

Skill      XL: |  1  2  3  4  5  6  7  8  9 10 |
---------------+-------------------------------+-----
Fighting       | 1 2 3 4 5 7 9 |  9.6
Conjurations   | 2 3 4 5 |  5.3
Dodging        | 3 4 5 7 10 | 10.1
Spellcasting   | 5 |  5.1
Stealth        | |  2.4
Summonings     | |  1.1
Translocations | |  1.1

Action                   |  1- 3 |  4- 6 |  7- 9 | 10-12 || total
-------------------------+-------+-------+-------+-------++-------
Melee: Unarmed           |    51 |     4 |       |       ||    55
       Quarterstaff      |       |    38 |   284 |    68 ||   390
 Cast: Magic Dart        |   103 |   112 |       |       ||   215
       Conjure Flame     |       |     6 |    26 |     3 ||    35
       Call Imp          |       |     4 |     6 |     1 ||    11
       Mephitic Cloud    |       |     8 |    21 |     9 ||    38
       Blink             |       |     1 |    11 |       ||    12
       Shock             |       |       |   225 |    19 ||   244
       Iskenderun's Myst |       |       |     5 |    11 ||    16
Evoke: Wand              |       |       |       |     2 ||     2
  Use: Potion            |       |     1 |     3 |     6 ||    10
       Scroll            |       |    13 |       |     5 ||    18
 Stab: Confused          |       |       |     8 |     8 ||    16
       Sleeping          |       |       |     1 |       ||     1
  Eat: Chunk             |     3 |     7 |    11 |     2 ||    23
       Ration            |       |       |     2 |     1 ||     3
Armor: Robe              |    20 |     3 |    50 |     5 ||    78
       Skin              |       |       |       |     4 ||     4
Dodge: Dodged            |    54 |    37 |   418 |    93 ||   602

Table legend:
 A = Spawn XP
 B = Non-spawn XP
 C = Spawn XP percentage of total XP
 D = Spawn monster count
 E = Non-spawn monster count
 F = Spawn count percentage of total count
 G = Total turns spent on level
                    A         B        C        D         E        F      G
               +---------+---------+-------+---------+---------+-------+---------
         Total |       0 |    6873 |   0.0 |       0 |     192 |   0.0 |  9562
               +---------+---------+-------+---------+---------+-------+---------
           D:1 |       0 |      32 |   0.0 |       0 |      22 |   0.0 |  1153
           D:2 |       0 |     191 |   0.0 |       0 |      29 |   0.0 |  1335
           D:3 |       0 |     113 |   0.0 |       0 |      20 |   0.0 |   891
           D:4 |       0 |     535 |   0.0 |       0 |      18 |   0.0 |  1129
           D:5 |       0 |     907 |   0.0 |       0 |      23 |   0.0 |   776
           D:6 |       0 |    1351 |   0.0 |       0 |      22 |   0.0 |  1649
           D:7 |       0 |    1174 |   0.0 |       0 |      19 |   0.0 |  1040
           D:8 |       0 |    1289 |   0.0 |       0 |      24 |   0.0 |  1044
           D:9 |       0 |     877 |   0.0 |       0 |      13 |   0.0 |   434
          D:10 |       0 |     404 |   0.0 |       0 |       2 |   0.0 |    19
               +---------+---------+-------+---------+---------+-------+---------
